 Dungeon Crawl Stone Soup version 0.32-a0-893-gf85d74f360 (webtiles) character file.

Game seed: 17709252079725506715

285 Biggs the Shooter (level 6, -1/44 HPs)
             Began as a Coglin Hunter on Apr 4, 2024.
             Was an Initiate of Okawaru.
             Slain by a gnoll
             ... wielding a +0 spear
             ... led by a gnoll bouda
              (5 damage)
             ... on level 4 of the Dungeon.
             The game lasted 00:04:29 (2593 turns).

Biggs the Shooter (Coglin Hunter)                   Turns: 2593, Time: 00:04:29

Health: -1/44      AC:  4    Str: 10 (11) XL:     6   Next: 29%
Magic:  6/6        EV: 11    Int:  5 (8)  God:    Okawaru [......]
Gold:   209        SH:  0    Dex: 18 (20) Spells: 5/5 levels left

rFire   . . .        a - +5 sling {Tejnoor}
rCold   . . .        d - +0 sling {Gisele}
rNeg    . . .        c - +0 leather armour
rPois   .            m - +0 helmet
rElec   .            (no cloak)
rCorr   .            (no gloves)
SInv    .            (no boots)
Will    .....        (amulet unavailable)
Stlth   ++           (ring unavailable)
HPRegen 0.27/turn    (ring unavailable)
MPRegen 0.10/turn    (no gizmo)

%: no passive effects
@: no status effects
A: off-hand wielding, slow wielding, warmup strikes, no jewellery
a: Invent Gizmo, Renounce Religion


You were on level 4 of the Dungeon.
You worshipped Okawaru.
Okawaru was noncommittal.
You visited 2 branches of the dungeon, and saw 5 of its levels.

You collected 209 gold pieces.

Inventory:

Hand Weapons
 a - a +5 sling (weapon) {Tejnoor}
 d - a +0 sling (offhand) {Gisele}
Armour
 c - a +0 leather armour (worn)
 m - a +0 helmet (worn)
Scrolls
 b - a scroll of butterflies
 i - a scroll of amnesia
 j - a scroll of teleportation
 p - 3 scrolls of revelation
 q - a scroll of silence {unknown}
Potions
 e - a potion of degeneration
 g - a potion of enlightenment {unknown}
 k - a potion of curing
 l - 2 potions of lignification {unknown}
 n - a potion of cancellation {unknown}
 r - a potion of might {unknown}
 s - a potion of heal wounds {unknown}
 t - a potion of mutation {unknown}
 u - a potion of haste {unknown}


   Skills:
 - Level 2.0 Fighting
 + Level 6.7 Ranged Weapons
 - Level 1.7 Dodging
 - Level 0.7 Stealth


You had 5 spell levels left.
You didn't know any spells.
Your spell library contained the following spells:

 Spells                   Type           Power      Damage    Failure   Level
 Slow                     Hex            0%         N/A       58%         1
 Sting                    Conj/Alch      0%         1d3       58%         1
 Ensorcelled Hibernation  Hex/Ice        0%         N/A       73%         2
 Mercury Vapours          Alch/Air       0%         N/A       73%         2
 Confusing Touch          Hex            0%         N/A       91%         3
 Mephitic Cloud           Conj/Alch/Air  0%         N/A       91%         3
 Passwall                 Erth           0%         N/A       91%         3
 Swiftness                Air            0%         N/A       91%         3
 Vampiric Draining        Necr           0%         2d6       91%         3
 Olgreb's Toxic Radiance  Alch           0%         N/A       100%        4
 Freezing Cloud           Conj/Ice/Air   0%         6-21      100%        5


Dungeon Overview and Level Annotations

Branches:
Dungeon (4/15)             Temple (1/1) D:4

Altars:
Cheibriados
Dithmenos
Fedhas
Gozag
Hepliaklqana
Kikubaaqudgha
Makhleb
Okawaru
Qazlal
Ru
Sif Muna
Uskayaw
Vehumet
Zin
The Shining One

Annotations:
Temple 2 transporters


Innate Abilities, Weirdness & Mutations

You can wield a second weapon in your off-hand.
It takes a long time for you to wield or remove held weapons.
Your first few attacks do less damage.
You cannot equip rings or amulets.


Message History

Press: ? - help, Q - select action Shift-Dir - straight line, f/p - gnoll
Aim: a gnoll, wielding a +0 spear (moderately wounded, 72% to hit)
You shoot a sling bullet. The sling bullet hits the gnoll.
The gnoll is almost dead.
You shoot a sling bullet. The sling bullet hits the gnoll!
You kill the gnoll!
Okawaru accepts your kill. The gnoll misses you.
Unknown command.
Unknown command.
The gnoll hits you from afar with a +0 spear.
* * * LOW HITPOINT WARNING * * *
The gnoll enters a dispersal trap!
The gnoll blinks! x2; You blink.
The gnoll blinks!
Okay, then.
It was a potion of degeneration.
There was something very wrong with that liquid.
You feel weakened.
You feel dopey.
You feel clumsy. The gnoll hits you but does no damage.
It was a potion of curing.
You feel better.
The gnoll hits you from afar with a +0 spear.
* * * LOW HITPOINT WARNING * * *
The gnoll closely misses you.
The gnoll hits you from afar with a +0 spear.
* * * LOW HITPOINT WARNING * * *
Fire: a) +5 sling {Tejnoor}
Press: ? - help, Q - select action Shift-Dir - straight line, f/p - gnoll
Aim: a gnoll, wielding a +0 spear (moderately wounded, 71% to hit)
Okay, then.
You have no spells to forget.
Unknown command.
As you read the scroll of fear, it crumbles to dust.
You assume a fearsome visage.
The gnoll looks frightened!
The gnoll resists with some effort.
The gnoll hits you with a +0 spear.
* * * LOW HITPOINT WARNING * * *
The gnoll barely misses you.
There is a stone staircase leading up here.
The gnoll hits you from afar with a +0 spear.
You die...

###.##
###..###..
#..^## #### ###
#....### #
#....).### #
#........## #
##.........### #
#.#..........##
##.#...........#
#..##@.g......##
#.######....###
### ######


You could see a gnoll.

Vanquished Creatures
  A jelly (D:4)
  An iguana (D:4)
  Natasha (thrice) (D:2)
  Robin (D:2)
  3 gnolls (D:4)
  2 adders
  A shadow imp (D:4)
  A ribbon worm (D:3)
  5 dart slugs
  9 orcs
  5 ball pythons
  6 endoplasms
  5 goblins
  6 hobgoblins
  6 kobolds
  7 quokkas
  3 bats
  5 frilled lizards
  5 rats
75 creatures vanquished.

Notes
Turn   | Place    | Note
-------+----------+-------------------------------------------
     0 | D:1      | Biggs the Coglin Hunter began the quest for the Orb.
     0 | D:1      | Reached XP level 1. HP: 16/16 MP: 1/1
   177 | D:1      | Reached skill level 4 in Ranged Weapons
   177 | D:1      | Reached XP level 2. HP: 22/22 MP: 2/2
   408 | D:1      | Reached XP level 3. HP: 27/27 MP: 3/3
   621 | D:2      | Noticed Natasha
   626 | D:2      | Killed Natasha
   650 | D:2      | Found a glowing golden altar of the Shining One.
   715 | D:2      | Found the +6 shillelagh "Devastator" {shatter}
   814 | D:2      | Reached skill level 5 in Ranged Weapons
   844 | D:2      | Reached XP level 4. HP: 33/33 MP: 4/4
   865 | D:2      | Noticed Robin
   870 | D:2      | Killed Robin
   943 | D:2      | Noticed Natasha
   947 | D:2      | Killed Natasha
   996 | D:2      | Reached XP level 5. HP: 38/38 MP: 5/5
  1346 | D:2      | Noticed Natasha
  1355 | D:2      | Killed Natasha
  1643 | D:3      | Identified the +7 hand axe of Bloodstone {drain, rCorr
                  | Str-2 Int+4}
  1658 | D:3      | Found an ancient bone altar of Kikubaaqudgha.
  1826 | D:3      | Reached skill level 6 in Ranged Weapons
  2248 | D:4      | Reached XP level 6. HP: 44/44 MP: 6/6
  2285 | D:4      | Found a staircase to the Ecumenical Temple.
  2317 | Temple   | Found a transporter.
  2317 | Temple   | Found a transporter.
  2317 | Temple   | Found a transporter.
  2317 | Temple   | Found a transporter.
  2317 | Temple   | Entered the Ecumenical Temple
  2338 | Temple   | Became a worshipper of Warmaster Okawaru
  2593 | D:4      | Slain by a gnoll

Illustrated notes

Levels and vault maps discovered:
D:1:      dpeg_arrival_pond, layout_loops_ring, kennysheep_flooded_box,
          corexii_item_surrounded_by_moat, nrook_uturn,
          wander_ebering_terrifying_dragon_lair
D:2:      layout_basic, serial_glass, glass_columns_a, glass_columns_a,
          item_on_display_a, item_on_display_a, due_unseen_surprise,
          basic_altar, uniq_natasha, uniq_robin
D:3:      layout_basic, mainiacjoe_overflow_six_doors_small
D:4:      layout_cave_pods, trog_butcher_becter, minmay_temple_entry_wispy
Temple:   hellmonk_temple_divided_pantheon

Skill      XL: |  1  2  3  4  5 |
---------------+----------------+-----
Ranged Weapons | 4 5 6 |  6.7
Fighting       | |  2.0
Dodging        | |  1.7
Stealth        | |  0.7

Action                     |  1- 3 |  4- 6 || total
---------------------------+-------+-------++-------
   Fire: Sling             |    84 |   250 ||   334
    Use: Scroll            |       |    10 ||    10
         Potion            |       |     2 ||     2
 Armour: Leather armour    |     2 |    28 ||    30
  Dodge: Dodged            |     5 |    18 ||    23

Table legend: (Time is in decaauts)
 A = Elapsed time spent in this place.
 B = Non-inter-level travel time spent in this place.
 C = Inter-level travel time spent in this place.
 D = Time resting spent in this place.
 E = Time spent auto-exploring this place.
 F = Levels seen in this place.
 G = Mean time per level.
                   A        B        C        D        E       F      G
               +--------+--------+--------+--------+--------+-----+--------+
         Total |   2620 |   2504 |    116 |     25 |   2057 |   5 |  524.0 |
       Dungeon |   2581 |   2481 |    100 |     25 |   2057 |   4 |  645.2 |
        Temple |     39 |     23 |     16 |      0 |      0 |   1 |   39.0 |
               +--------+--------+--------+--------+--------+-----+--------+

Top non-repeatable levels by time:
     D:2: 848 daAuts
     D:3: 713 daAuts
     D:1: 613 daAuts
     D:4: 405 daAuts
  Temple: 39 daAuts
